 Dungeon Crawl Stone Soup version 0.28-a0-1033-g1a2f33fa85 (webtiles) character file.

Game seed: 9798770339672162320

7506 kae the Severer (level 11, -2/99 HPs)
             Began as a Hill Orc Fighter on Dec 7, 2021.
             Was a Follower of Qazlal.
             Slain by a two-headed ogre (13 damage)
             ... on level 9 of the Dungeon.
             The game lasted 00:07:17 (10246 turns).

kae the Severer (Hill Orc Fighter)                 Turns: 10246, Time: 00:07:17

Health: -2/99      AC: 15    Str: 24    XL:     11   Next: 16%
Magic:  11/11      EV: 10    Int: 18    God:    Qazlal [*.....]
Gold:   774        SH: 11    Dex: 10    Spells: 10/10 levels left

rFire   + . .      SeeInvis +   B - +1 hand axe (elec)
rCold   . . .      Faith    .   c - +0 buckler
rNeg    . . .      Spirit   .   p - +3 scale mail of the Lion {Rampage rPois rC- Int+7}
rPois   +          Reflect  +   (no helmet)
rElec   .          Harm     .   C - scarf {+Inv}
rCorr   .          Rampage  +   h - +1 pair of gloves
Will    .....                   t - +0 pair of boots of Analysis {Int+3 SInv}
Stlth   ..........              G - amulet of reflection
HPRegen 0.26/turn               f - ring of protection from cold
MPRegen 0.12/turn               n - ring of protection from fire

@: no status effects
A: no striking features
a: Renounce Religion, Evoke Invisibility


You were on level 9 of the Dungeon.
You worshipped Qazlal.
Qazlal was aware of your devotion.
You visited 2 branches of the dungeon, and saw 10 of its levels.
You also visited: Bailey.

You collected 774 gold pieces.

Inventory:

Hand Weapons
 a - a +1 war axe
 B - a +1 hand axe of electrocution (weapon)
Armour
 c - a +0 buckler (worn)
 h - a +1 pair of gloves (worn)
 p - the +3 scale mail of the Lion (worn) {Rampage rPois rC- Int+7}
   (You found it on level 4 of the Dungeon)

   Int:       It affects your intelligence (+7).
   rC:        It makes you vulnerable to cold.
   rPois:     It protects you from poison.
   Rampage:   It bestows one free step when moving towards enemies.
 t - the +0 pair of boots of Analysis (worn) {Int+3 SInv}
   (You acquired it on level 5 of the Dungeon)

   Int:       It affects your intelligence (+3).
   SInv:      It lets you see invisible.
 C - a scarf of invisibility (worn)
Jewellery
 f - a ring of protection from cold (left hand)
 n - a ring of protection from fire (right hand)
 o - a +6 ring of intelligence
 v - an amulet of the acrobat
 D - a ring of willpower
 G - an amulet of reflection (around neck)
 J - a ring of willpower
Wands
 s - a wand of flame (28)
 y - a wand of digging (7)
 E - a wand of mindburst (3)
Scrolls
 g - 3 scrolls of amnesia
 j - 6 scrolls of teleportation
 l - 2 scrolls of fog
 r - a scroll of fear
 A - a scroll of enchant weapon
 F - a scroll of holy word
 K - a scroll of blinking
Potions
 b - a potion of degeneration
 d - 2 potions of might
 e - a potion of attraction
 i - 2 potions of mutation
 k - 2 potions of curing {unknown}
 m - 2 potions of resistance {unknown}
 q - 3 potions of heal wounds {unknown}
 u - a potion of flight {unknown}
 w - a potion of invisibility {unknown}
 x - 2 potions of lignification
 z - a potion of haste
Miscellaneous
 H - a lightning rod (4/4)
 I - a phial of floods


   Skills:
 - Level 10.0 Fighting
 - Level 16.0 Axes
 + Level 9.7 Armour
 - Level 4.0 Shields


You had 10 spell levels left.
You didn't know any spells.
Your spell library contained the following spells:

 Spells                   Type           Power      Damage    Failure   Level
 Animate Skeleton         Necr           0%         N/A       43%         1
 Apportation              Tloc           0%         N/A       43%         1
 Sandblast                Erth           0%         2d4       43%         1
 Summon Small Mammal      Summ           0%         N/A       43%         1
 Passwall                 Tmut/Erth      0%         N/A       56%         2
 Gell's Gravitas          Tloc           0%         N/A       80%         3
 Portal Projectile        Hex/Tloc       0%         N/A       80%         3
 Stone Arrow              Conj/Erth      0%         3d7       80%         3
 Swiftness                Air            0%         N/A       80%         3
 Teleport Other           Tloc           0%         N/A       80%         3
 Blade Hands              Tmut           0%         N/A       100%        5
 Excruciating Wounds      Necr           0%         N/A       100%        5
 Dispersal                Tloc           0%         N/A       100%        6


Dungeon Overview and Level Annotations

Branches:
Dungeon (9/15)             Temple (1/1) D:7            Lair (0/6) D:9
 Bailey (visited)
    Orc: D:9-12

Altars:
Ashenzari
Cheibriados
Dithmenos
Elyvilon
Fedhas
Gozag
Hepliaklqana
Kikubaaqudgha
Makhleb
Nemelex Xobeh
Okawaru
Qazlal
Ru
Sif Muna
Trog
Uskayaw
Vehumet
Wu Jian
Xom
Yredelemnul
Zin
The Shining One

Annotations:
D:5 1 runed translucent door, Crazy Yiuf


Message History

A two-headed ogre is nearby!
Found a cloak.
You rampage towards the two-headed ogre!
You hit the two-headed ogre.
The two-headed ogre is lightly wounded.
The two-headed ogre hits you with a +0 giant club!!
You block the two-headed ogre's attack.
You barely miss the two-headed ogre.
The two-headed ogre is lightly wounded.
You hit the two-headed ogre but do no damage.
The two-headed ogre is lightly wounded.
The two-headed ogre barely misses you. You block the two-headed ogre's attack.
You barely miss the two-headed ogre.
The two-headed ogre is lightly wounded.
You hit the two-headed ogre.
The two-headed ogre is lightly wounded.
The two-headed ogre hits you with a +0 giant club!!
The two-headed ogre closely misses you.
You are too injured to fight recklessly!
You slash the two-headed ogre!
Lightning courses through the two-headed ogre!!
The two-headed ogre is severely wounded.
You are too injured to fight recklessly!
You are too injured to fight recklessly!
You hit the two-headed ogre but do no damage.
Lightning courses through the two-headed ogre!
The two-headed ogre is almost dead.
The two-headed ogre hits you with a +0 giant club!! x2
* * * LOW HITPOINT WARNING * * *
You are too injured to fight recklessly!
You are too injured to fight recklessly!
You are too injured to fight recklessly!
You are too injured to fight recklessly!
You barely miss the two-headed ogre.
The two-headed ogre is almost dead.
You hit the two-headed ogre.
The two-headed ogre is almost dead.
You block the two-headed ogre's attack.
The two-headed ogre hits you with a +0 giant club!
You die...

####### ....[.. .......
......?##### #.O@...# #
#######
###########.#.#####.....#
#.(...............+.....'
#.#####..##.#.#####.....#
#...#.#..........##
##..#.######....##.
#..#.#<...#....#_.
#.######..#.#.)..#....##.
#(......>..............##


You could see a two-headed ogre.

Vanquished Creatures
  A two-headed ogre (D:9)
  A boulder beetle (D:7)
  Pikel (D:6)
  An ugly thing (D:8)
  Joseph (D:7)
  A hornet (D:9)
  Sigmund (D:6)
  2 wyverns
  A wraith (D:8)
  A steam dragon (D:8)
  Edmund (D:6)
  3 water moccasins
  7 orc warriors
  3 black bears
  3 sky beasts
  An ice beast (D:5)
  A hornet zombie (D:8)
  2 centaurs
  6 phantoms
  Blork the orc (D:6)
  A bullfrog (D:7)
  2 scorpions (D:5)
  A water moccasin zombie (D:5)
  A water moccasin skeleton (D:4)
  A killer bee (D:8)
  A howler monkey (D:9)
  3 centaur zombies
  5 hounds
  4 orc priests
  5 jellies
  10 orc wizards
  A bullfrog skeleton (D:6)
  2 centaur skeletons
  2 gnoll shamans (D:4)
  Jessica (D:2)
  2 iguanas
  A killer bee zombie (D:8)
  A howler monkey zombie (D:8)
  11 gnolls
  12 adders
  4 white imps
  2 ufetubi
  2 worms
  2 dart slugs
  26 orcs
  8 ball pythons
  16 endoplasms
  3 giant cockroaches
  9 goblins
  5 hobgoblins
  10 jackals (D:1)
  5 quokkas
  7 bats
  A frilled lizard (D:1)
  24 kobolds
  6 rats
236 creatures vanquished.

Vanquished Creatures (collateral kills)
  A gnoll (D:4)
1 creature vanquished.

Vanquished Creatures (others)
  14 fungi
  9 toadstools (D:2)
23 creatures vanquished.

Grand Total: 260 creatures vanquished

Notes
Turn   | Place    | Note
-------+----------+-------------------------------------------
     0 | D:1      | kae the Hill Orc Fighter began the quest for the Orb.
     0 | D:1      | Reached XP level 1. HP: 19/19 MP: 1/1
    58 | D:1      | Reached skill level 3 in Axes
    66 | D:1      | Reached XP level 2. HP: 22/26 MP: 2/2
   302 | D:1      | Found a faded altar of an unknown god.
   393 | D:1      | Reached XP level 3. HP: 31/31 MP: 3/3
   461 | D:1      | Reached skill level 4 in Axes
   803 | D:2      | Noticed Jessica
  1011 | D:2      | Killed Jessica
  1012 | D:2      | Reached skill level 5 in Axes
  1012 | D:2      | Reached XP level 4. HP: 27/39 MP: 4/4
  1585 | D:2      | Reached skill level 6 in Axes
  1717 | D:2      | Reached XP level 5. HP: 44/45 MP: 5/5
  2410 | D:3      | Reached skill level 7 in Axes
  2634 | D:4      | Found a sparkling altar of Nemelex Xobeh.
  2815 | D:3      | Reached XP level 6. HP: 31/51 MP: 6/6
  2821 | D:3      | Reached skill level 8 in Axes
  2953 | D:4      | Reached skill level 9 in Axes
  3163 | D:4      | Reached XP level 7. HP: 56/57 MP: 7/7
  3373 | D:4      | Reached skill level 10 in Axes
  3433 | D:4      | Identified the +3 scale mail of the Lion {Rampage rPois rC-
                  | Int+7}
  3507 | D:4      | Found a bloodstained altar of Trog.
  3943 | D:5      | Entered Level 5 of the Dungeon
  4040 | D:5      | Reached skill level 11 in Axes
  4040 | D:5      | Reached XP level 8. HP: 47/64 MP: 8/8
  4154 | D:5      | Reached skill level 12 in Axes
  4331 | D:5      | Found a runed translucent door.
  4332 | D:5      | Noticed Crazy Yiuf
  4697 | D:5      | Found a sacrificial altar of Ru.
  4739 | D:5      | Found a shadowy altar of Dithmenos.
  4898 | D:5      | Found an ornate altar of the Wu Jian Council.
  5068 | D:5      | Reached skill level 13 in Axes
  5367 | D:5      | Identified a scroll of acquirement
  5367 | D:5      | Acquired the +0 pair of boots of Analysis {Int+3 SInv}
  5434 | D:6      | Reached skill level 14 in Axes
  5471 | D:6      | Found an iron altar of Okawaru.
  5501 | D:6      | Reached XP level 9. HP: 70/70 MP: 9/9
  5751 | D:6      | Noticed Sigmund
  5768 | D:6      | Killed Sigmund
  5769 | D:6      | Reached skill level 15 in Axes
  5951 | D:6      | Noticed Edmund
  5962 | D:6      | Killed Edmund
  6017 | D:6      | Noticed Blork the orc
  6027 | D:6      | Killed Blork the orc
  6236 | D:6      | Reached skill level 16 in Axes
  6421 | D:7      | Noticed Pikel
  6434 | D:6      | Killed Pikel
  6435 | D:6      | Reached skill level 5 in Fighting
  6653 | D:7      | Reached XP level 10. HP: 84/84 MP: 10/10
  6653 | D:7      | Noticed Joseph
  6668 | D:7      | Killed Joseph
  6669 | D:7      | Reached skill level 5 in Armour
  7028 | D:7      | Found a staircase to the Ecumenical Temple.
  7170 | Temple   | Entered the Ecumenical Temple
  7276 | Temple   | Became a worshipper of Qazlal Stormbringer
  7305 | D:7      | Noticed a boulder beetle
  7316 | D:7      | Killed a boulder beetle
  7615 | D:7      | Found a shimmering altar of Xom.
  7619 | D:7      | Found a broken altar of Ashenzari.
  8402 | D:8      | Noticed a red ugly thing
  8415 | D:8      | Killed a red ugly thing
  8425 | D:8      | Reached skill level 10 in Fighting
  8571 | D:8      | Reached * piety under Qazlal
  8603 | D:8      | Found a flagged portal.
  8614 | Bailey   | Entered a bailey
  8873 | Bailey   | Found a burning altar of Makhleb.
  9667 | D:9      | Found a staircase to the Lair.
  9707 | D:9      | Noticed a two-headed ogre
  9722 | D:9      | Killed a two-headed ogre
  9723 | D:9      | Reached XP level 11. HP: 46/99 MP: 11/11
  9943 | D:9      | Found a radiant altar of Vehumet.
 10233 | D:9      | Noticed a two-headed ogre
 10246 | D:9      | Slain by a two-headed ogre

Illustrated notes

Levels and vault maps discovered:
D:1:      nicolae_arrival_memento_mori, layout_rooms,
          shapermc_ecumenical_altar_mp_urbaneastern
D:2:      cheibrodos_fertilizer, layout_basic, minmay_surrounded, uniq_jessica
D:3:      layout_loops_ring
D:4:      layout_rooms, lightli_temple_of_fire,
          mainiacjoe_overflow_cross_hatched, serial_glass, glass_columns_b,
          glass_columns_a, glass_columns_a, glass_columns_a, glass_columns_c,
          glass_columns_b, glass_columns_a, glass_columns_a,
          due_unseen_surprise, chequers_big_river
D:5:      minmay_recursive_quarters, layout_basic,
          nicolae_ru_sacrificial_ziggurat, grunt_dithmenos_smoke_and_mirrors,
          lemuel_round_altar, serial_corexii_hall, corexii_hall_statues_s,
          corexii_hall_statues_i, nrook_loot_triangle, uniq_crazy_yiuf_cottage
D:6:      layout_rooms, okawaru_trees_2, uniq_blork_the_orc, uniq_sigmund,
          uniq_edmund
D:7:      layout_rooms, minitemple, temple_doors_e, grunt_decor_fettered,
          uniq_pikel, uniq_joseph
D:8:      layout_basic, enter_bailey_3, serial_curves, eino_curves_03,
          eino_curves_03, hangedman_minor_gate_pass
D:9:      layout_basic, marbit_many_paths, lair_entry_dummy
Temple:   dshaligram_water_room_temple

Skill      XL: |  1  2  3  4  5  6  7  8  9 10 |
---------------+-------------------------------+-----
Axes           | 3 5 6 7 9 11 14 16 | 16.0
Shields        | 4 |  4.0
Fighting       | 6 10 | 10.0
Armour         | 4 9 |  9.7

Action                   |  1- 3 |  4- 6 |  7- 9 | 10-12 || total
-------------------------+-------+-------+-------+-------++-------
Melee: War axe           |   129 |   162 |   288 |    26 ||   605
       Hand axe          |       |       |       |   201 ||   201
Evoke: Wand              |       |       |       |    19 ||    19
  Use: Scroll            |     4 |     7 |     5 |     3 ||    19
       Potion            |     1 |       |       |     1 ||     2
Armor: Scale mail        |    60 |    72 |   124 |    47 ||   303
       Skin              |    26 |       |       |       ||    26
Dodge: Dodged            |    57 |    84 |    91 |    63 ||   295
Block: Buckler           |    36 |    39 |    49 |    39 ||   163
       Reflection        |       |       |       |     1 ||     1

Table legend: (Time is in decaauts)
 A = Elapsed time spent in this place.
 B = Non-inter-level travel time spent in this place.
 C = Inter-level travel time spent in this place.
 D = Time resting spent in this place.
 E = Time spent auto-exploring this place.
 F = Levels seen in this place.
 G = Mean time per level.
                   A        B        C        D        E       F      G
               +--------+--------+--------+--------+--------+-----+--------+
         Total |  10192 |   9791 |    401 |   1087 |   7047 |  11 |  926.5 |
       Dungeon |   9491 |   9126 |    365 |    933 |   6667 |   9 | 1054.6 |
        Temple |    115 |     79 |     36 |      0 |     68 |   1 |  115.0 |
        Bailey |    585 |    585 |      0 |    154 |    312 |   1 |  585.0 |
               +--------+--------+--------+--------+--------+-----+--------+

Top non-repeatable levels by time:
     D:5: 1447 daAuts
     D:7: 1214 daAuts
     D:2: 1123 daAuts
     D:6: 1119 daAuts
     D:8: 1101 daAuts
     D:4: 1067 daAuts
     D:3: 939 daAuts
     D:1: 887 daAuts
     D:9: 591 daAuts
  Bailey: 585 daAuts
  Temple: 115 daAuts
